 Dungeon Crawl Stone Soup version 0.17.0-28-g6e173f8 (webtiles) character file.

1362 Larett the Slicer (level 8, -11/74 HPs)
             Began as a Hill Orc Fighter on Nov 29, 2015.
             Was an Initiate of Beogh.
             Mangled by an orc warrior
             ... wielding a +0 halberd
              (13 damage)
             ... on level 6 of the Dungeon.
             The game lasted 00:15:32 (4722 turns).

Larett the Slicer (Hill Orc Fighter)                Turns: 4722, Time: 00:15:32

Health: -11/74     AC: 19    Str: 21    XL:     8   Next: 64%
Magic:  8/8        EV:  6    Int:  8    God:    Beogh [......]
Gold:   193        SH:  7    Dex: 10    Spells: 0 memorised, 7 levels left

rFire  + . .     SeeInvis .     h - +4 dagger (protect)
rCold  x . .     Clarity  .     I - +0 plate armour
rNeg   + . .     SustAt   .     q - +3 buckler
rPois  .         Gourm    .     (no helmet)
rElec  .         Spirit   .     A - +1 cloak
rCorr  .         Warding  .     (no gloves)
rMut   .         Stasis   .     (no boots)
MR     .....                    (no amulet)
Stlth  ..........               v - ring of positive energy
                                r - ring of fire

@: not resistant to hostile enchantments, extremely unstealthy
A: no striking features
a: Renounce Religion


You were on level 6 of the Dungeon.
You worshipped Beogh.
Beogh was noncommittal.
You were hungry.

You visited 2 branches of the dungeon, and saw 6 of its levels.
You also visited: Ossuary.

You collected 193 gold pieces.

Inventory:

Hand Weapons
 a - a +0 war axe
 h - a +4 dagger of protection (weapon)
 o - a cursed -3 spear
 t - a cursed +0 shortbow
 y - a -1 war axe
 C - a +0 shortbow
 D - a +0 shortbow
Missiles
 f - 204 stones (quivered)
 n - 6 bolts of frost
 w - 23 sling bullets
 x - 29 poisoned needles
 B - 51 arrows
 E - 5 arrows of flame
 H - 10 arrows of dispersal
Armour
 q - a +3 buckler (worn)
 A - a +1 cloak (worn)
 I - a +0 plate armour (worn)
Jewellery
 r - a ring of fire (left hand)
 v - a ring of positive energy (right hand)
Wands
 k - a wand of confusion (18)
 l - a wand of paralysis (13)
 z - a wand of digging (15)
Scrolls
 c - a scroll of enchant armour
Potions
 d - a potion of might
 g - 4 potions of flight
 i - a potion of invisibility
 m - a potion of curing
 F - a potion of brilliance {unknown}
Books
 G - a book of Summonings

   Spells                             Type                      Level
   a - Recall                         Summoning/Translocation      3
   b - Aura of Abjuration             Summoning                    5
   c - Shadow Creatures               Summoning                    5
   d - Summon Demon                   Summoning                    5
   e - Summon Forest                  Summoning/Translocation      5
   f - Summon Mana Viper              Hexes/Summoning              5
Comestibles
 e - 5 bread rations
 p - 2 beef jerkies
 s - 3 meat rations
 u - a slice of pizza


   Skills:
 - Level 7.9 Fighting
 * Level 8.4 Short Blades
 - Level 2.6 Axes
 - Level 3.2 Armour
 - Level 3.2 Shields
 - Level 0.2 Evocations


You had 7 spell levels left.
You didn't know any spells.

Dungeon Overview and Level Annotations

Branches:
Dungeon (6/15)             Temple (1/1) D:4

Altars:
Ashenzari
Cheibriados
Dithmenos
Fedhas
Gozag
Makhleb
Nemelex Xobeh
Okawaru
Qazlal
Ru
Sif Muna
Trog
Vehumet
Xom
Zin
The Shining One


Message History

You hit the orc warrior but do no damage.
The orc warrior is severely wounded.
You hear some strange, mumbled words.
A magic dart appears from out of thin air!
The magic dart hits you!
* * * LOW HITPOINT WARNING * * *
You hit the orc warrior but do no damage.
The orc warrior is severely wounded.
The orc warrior hits you with a halberd!
* * * LOW HITPOINT WARNING * * *
You hit the orc warrior but do no damage.
The orc warrior is severely wounded.
Something hits you but does no damage.
The orc warrior hits you with a halberd.
* * * LOW HITPOINT WARNING * * *
Things that are here:
a dagger; a robe The orc warrior hits you from afar with a halberd!
You die...
Beogh appreciates the orc warrior's killing of a heretic priest.

#......##. +......>..
#.......# #. #.......#+
#. #......... #.
#.))......
#.##o).......
#..#)#####...
#...@....... #....
#...#####.## .....#
#...# #.# .....###
#...# #.# .......#
##..# #.# .......#
#..#####.#######
.......#
#..............#
.......#####
#..#####.#####.#
.......+...###........#
#.#


You could see an orc warrior.

Vanquished Creatures
  A black bear (D:6)
  An orc warrior (D:6)
  A phantom (D:6)
  An ogre (D:4)
  An elf zombie (Ossuary)
  3 centaurs
  2 giant frogs (D:6)
  A crimson imp (D:5)
  2 centaur zombies (Ossuary)
  2 orc wizards (D:6)
  A human zombie (Ossuary)
  A centaur skeleton (D:4)
  A hound (D:4)
  A giant frog zombie (D:5)
  A giant frog skeleton (D:6)
  5 worker ants
  2 mummies (Ossuary)
  5 adders
  A shadow imp (D:5)
  An adder skeleton (D:4)
  3 adder zombies (Ossuary)
  3 worms (D:2)
  A giant gecko (D:4)
  8 orcs
  3 goblins
  6 hobgoblins
  4 jackals
  6 kobolds
  2 quokkas
  A ball python (D:2)
  4 bats
  2 giant cockroaches
  2 giant newts
  2 goblin zombies (Ossuary)
  6 hobgoblin zombies (Ossuary)
  12 kobold zombies (Ossuary)
  9 orc zombies (Ossuary)
  A quokka skeleton (D:4)
  2 quokka zombies
  5 rats
  A rat zombie (Ossuary)
117 creatures vanquished.

Vanquished Creatures (others)
  An orc priest (D:6)
  2 orcs (D:6)
3 creatures vanquished.

Grand Total: 120 creatures vanquished

Notes
Turn   | Place    | Note
--------------------------------------------------------------
     0 | D:1      | Larett the Hill Orc Fighter began the quest for the Orb.
     0 | D:1      | Reached XP level 1. HP: 19/19 MP: 1/1
    87 | D:1      | Reached skill level 4 in Fighting
   180 | D:1      | Reached XP level 2. HP: 27/27 MP: 2/2
   259 | D:1      | Found an iron altar of Okawaru.
   643 | D:2      | Reached skill level 5 in Fighting
   643 | D:2      | Reached XP level 3. HP: 16/36 MP: 3/3
  1296 | D:2      | Found a shadowy altar of Dithmenos.
  1471 | D:2      | Reached skill level 1 in Short Blades
  1471 | D:2      | Reached XP level 4. HP: 38/42 MP: 4/4
  1508 | D:2      | You fall through a shaft for 2 floors!
  1624 | D:4      | Found a sand-covered staircase.
  1629 | Ossuary  | Entered an ossuary
  1759 | Ossuary  | Reached skill level 6 in Fighting
  1904 | Ossuary  | Reached XP level 5. HP: 36/50 MP: 5/5
  2001 | Ossuary  | Reached XP level 6. HP: 32/58 MP: 6/6
  2045 | Ossuary  | Reached skill level 7 in Fighting
  2336 | D:4      | Found a staircase to the Ecumenical Temple.
  2372 | Temple   | Entered the Ecumenical Temple
  2622 | D:4      | Noticed an ogre
  2644 | D:4      | Killed an ogre
  2644 | D:4      | Reached XP level 7. HP: 21/67 MP: 7/7
  3160 | D:5      | Entered Level 5 of the Dungeon
  3526 | D:5      | Reached skill level 5 in Short Blades
  3749 | D:5      | Found a shattered altar of Ashenzari.
  3750 | D:5      | Found a stormy altar of Qazlal.
  3754 | D:5      | Found a glowing golden altar of the Shining One.
  3989 | D:6      | Reached XP level 8. HP: 48/74 MP: 8/8
  4364 | D:6      | Reached skill level 8 in Short Blades
  4674 | D:6      | Became a worshipper of Beogh the Brigand
  4719 | D:6      | HP: 2/74 [orc warrior/halberd (16)]
  4722 | D:6      | Mangled by an orc warrior

Action                   |  1- 3 |  4- 6 |  7- 9 || total
-------------------------+-------+-------+-------++-------
Melee: Dagger            |   176 |   267 |   249 ||   692
       War axe           |     3 |    20 |    52 ||    75
Throw: Stone             |       |     2 |       ||     2
Invok: Convert to Beogh  |       |       |     1 ||     1
Evoke: Wand              |       |     4 |     2 ||     6
  Use: Scroll            |     2 |    11 |     2 ||    15
       Potion            |       |     6 |     5 ||    11
  Eat: Chunk             |     2 |     1 |     7 ||    10
       Fruit             |       |     4 |       ||     4
